 Dungeon Crawl Stone Soup version 0.20.1-1-g8b1a95d (webtiles) character file.

821 Irenicus the Martial Artist (level 7, -3/61 HPs)
             Began as a Deep Dwarf Monk on Oct 15, 2017.
             Was a Priest of Makhleb.
             Slain by Edmund
             ... wielding a +6 flail of crushing
              (8 damage)
             ... on level 5 of the Dungeon.
             The game lasted 00:10:05 (3301 turns).

Irenicus the Martial Artist (Deep Dwarf Monk)       Turns: 3301, Time: 00:10:06

Health: -3/61      AC:  2    Str: 15    XL:     7   Next: 63%
Magic:  0/0        EV: 13    Int:  8    God:    Makhleb [***...]
Gold:   158        SH:  0    Dex: 15    Spells: 6/6 levels left

rFire    + . .     SeeInvis .     - Unarmed
rCold    . . .     Gourm    .   (no shield)
rNeg     . . .     Faith    .   a - +0 robe
rPois    .         Spirit   .   (no helmet)
rElec    .         Reflect  .   q - +2 cloak
rCorr    .         Harm     .   (no gloves)
MR       +....                  (no boots)
Stlth    +++.......             (no amulet)
Regen    0.0/turn               l - -3 ring of protection (curse)
MPRegen  0.1/turn               n - ring of protection from fire

@: non-regenerating
A: damage resistance, heal wounds, clumsy 1, dopey 1, sense surroundings 1, no
regeneration
a: Heal Wounds, Minor Destruction, Lesser Servant of Makhleb, Renounce Religion


You were on level 5 of the Dungeon.
You worshipped Makhleb.
Makhleb was most pleased with you.
You were hungry.

You visited 1 branch of the dungeon, and saw 5 of its levels.
You also visited: Ossuary.

You collected 158 gold pieces.

Inventory:

Armour
 a - a +0 robe (worn)
 q - a +2 cloak (worn)
Jewellery
 i - an uncursed ring of teleportation
 l - a cursed -3 ring of protection (left hand)
 n - a ring of protection from fire (right hand)
Scrolls
 k - 10 scrolls of identify
 m - 2 scrolls of teleportation
 p - a scroll of remove curse
Potions
 f - a potion of mutation
 g - 4 potions of curing
 j - a potion of lignification
 o - a potion of brilliance
Books
 d - a book of Maledictions

   Spells                             Type                      Level
   a - Corona                         Hexes                        1
   b - Ensorcelled Hibernation        Hexes/Ice                    2
   c - Confuse                        Hexes                        3
   d - Tukima's Dance                 Hexes                        3
   e - Dazzling Spray                 Conjuration/Hexes            3
Comestibles
 b - 6 bread rations
 c - a meat ration
 h - 2 fruits
 r - a royal jelly


   Skills:
 - Level 2.6 Fighting
 - Level 3.2 Dodging
 - Level 4.0 Stealth
 + Level 8.0 Unarmed Combat


You had 6 spell levels left.
You didn't know any spells.

Dungeon Overview and Level Annotations

Branches:
Dungeon (5/15)
 Temple: D:4-7

Altars:
Ashenzari
Kikubaaqudgha
Makhleb
Okawaru
Ru
Vehumet

Annotations:
D:5 Edmund


Innate Abilities, Weirdness & Mutations

You are resistant to damage.
You can heal yourself by infusing magical energy.
You passively map a small area around you.
You do not regenerate.
You are clumsy. (Dex -2)
You are dopey. (Int -2)


Message History

Put on which piece of jewellery? (? for menu, Esc to quit)
Okay, then.
You hit the orc wizard.
The orc wizard is severely wounded.
The orc wizard barely misses you.
You hit the orc wizard.
The orc wizard is severely wounded.
The orc wizard hits you with a dagger.
Edmund hits you with a flail of crushing!
* * * LOW HITPOINT WARNING * * *
Something hits you but does no damage. The orc wizard barely misses you.
You punch the orc wizard!
You kill the orc wizard!
Makhleb accepts your kill.
You feel better. Something hits you. Edmund misses you.
You hit Edmund.
Edmund is severely wounded.
Something hits you.
Edmund hits you with a flail of crushing!
You die...

#..##<#.#, ,,.###
##......# ####... *
###...#.###.#..... #
#.....#.#...#....# ..#. ,
......#...# #....#*.#.. ,
, * #........#
#..).##..### *
###.._...####....#....$#.
, ##.!.....##..@)........
, ##......##.?.@.......#*
, #............#.....#*
#####.#..#....%........##
*
.........................
,
##..####.#.....##..#####.
#.## #.#.....##........ *
#.#####.#.....##...####...
, *
#.............<..........>
#####..............######
,


You could see Edmund.

Vanquished Creatures
  An ice beast (D:5)
  A phantom (D:4)
  An elf zombie (Ossuary)
  2 centaur zombies
  2 hounds
  A centaur skeleton (D:4)
  A jelly (D:5)
  5 orc wizards
  Crazy Yiuf (D:2)
  2 mummies (Ossuary)
  A howler monkey skeleton (D:4)
  4 gnolls
  3 adders
  An ooze (D:4)
  An adder zombie (Ossuary)
  6 worms
  2 leopard geckos
  2 orcs (D:4)
  A bat (D:2)
  4 bat skeletons (D:2)
  2 bat zombies (D:2)
  6 giant cockroaches
  5 goblins
  8 hobgoblins
  5 jackals (D:3)
  3 kobolds
  A quokka (D:3)
  3 ball pythons
  7 frilled lizards
  2 goblin zombies (Ossuary)
  10 hobgoblin zombies (Ossuary)
  11 kobold zombies (Ossuary)
  10 orc zombies (Ossuary)
  4 rats
  A rat zombie (Ossuary)
120 creatures vanquished.

Notes
Turn   | Place    | Note
-------+----------+-------------------------------------------
     0 | D:1      | Irenicus the Deep Dwarf Monk began the quest for the Orb.
     0 | D:1      | Reached XP level 1. HP: 20/20 MP: 1/1
   168 | D:1      | Reached skill level 3 in Unarmed Combat
   178 | D:1      | Reached XP level 2. HP: 5/27 MP: 2/2
   651 | D:2      | Reached XP level 3. HP: 23/33 MP: 1/1
   905 | D:4      | Reached skill level 4 in Unarmed Combat
   905 | D:4      | Reached XP level 4. HP: 11/40 MP: 2/2
  1008 | D:4      | Found an iron altar of Okawaru.
  1059 | D:4      | Found a sand-covered staircase.
  1068 | Ossuary  | Entered an ossuary
  1175 | Ossuary  | Reached XP level 5. HP: 44/46 MP: 1/1
  1201 | Ossuary  | Reached skill level 5 in Unarmed Combat
  1497 | D:5      | Entered Level 5 of the Dungeon
  1508 | D:5      | Found a burning altar of Makhleb.
  1522 | D:5      | Became a worshipper of Makhleb the Destroyer
  1522 | D:5      | Reached * piety under Makhleb
  1522 | D:5      | Reached ** piety under Makhleb
  1827 | D:2      | Reached XP level 6. HP: 35/55 MP: 1/1
  1890 | D:2      | Found a runed door.
  1894 | D:2      | Noticed Crazy Yiuf
  1906 | D:2      | Killed Crazy Yiuf
  2029 | D:2      | Found an ancient bone altar of Kikubaaqudgha.
  2278 | D:3      | Found a sacrificial altar of Ru.
  2402 | D:3      | Found a radiant altar of Vehumet.
  2410 | D:3      | Reached skill level 6 in Unarmed Combat
  2418 | D:3      | Found a shattered altar of Ashenzari.
  3045 | D:4      | Reached *** piety under Makhleb
  3045 | D:4      | Reached skill level 7 in Unarmed Combat
  3045 | D:4      | Reached XP level 7. HP: 19/61 MP: 2/2
  3202 | D:5      | HP: 3/61 [acid (3)]
  3215 | D:5      | Gained mutation: You are dopey. (Int -2) [potion of mutation]
  3215 | D:5      | Gained mutation: You are clumsy. (Dex -2) [potion of mutation]
  3266 | D:5      | Noticed Edmund
  3283 | D:5      | Reached skill level 8 in Unarmed Combat
  3299 | D:5      | HP: 1/61 [Edmund/flail of crushing (5)]
  3301 | D:5      | Slain by Edmund

Skill      XL: |  1  2  3  4  5  6  7 |
---------------+----------------------+-----
Unarmed Combat | 3 4 5 7 8 |  8.0
Stealth        | 3 4 |  4.0
Fighting       | |  2.6
Dodging        | |  3.2

Action                   |  1- 3 |  4- 6 |  7- 9 || total
-------------------------+-------+-------+-------++-------
Melee: Unarmed           |   118 |   351 |    64 ||   533
       Punch             |       |     5 |     3 ||     8
 Abil: Heal Wounds       |     3 |     5 |     4 ||    12
  Use: Potion            |     1 |     4 |     2 ||     7
       Scroll            |       |     8 |       ||     8
 Stab: Sleeping          |     5 |     6 |       ||    11
       Invisible         |       |       |     2 ||     2
  Eat: Chunk             |       |     6 |       ||     6
       Fruit             |       |     2 |       ||     2
Armor: Robe              |    18 |    44 |     5 ||    67
       Skin              |       |     1 |       ||     1
Dodge: Dodged            |    68 |   197 |    39 ||   304
